 Dungeon Crawl Stone Soup version 0.25-a0-294-gea9b1ad378 (webtiles) character file.

Game seed: 8920359143845601456, levelgen mode: classic

81 Borgoz the Slasher (level 4, -1/40 HPs)
             Began as a Gargoyle Gladiator on Dec 19, 2019.
             Slain by a gnoll
             ... wielding a +0 spear
              (3 damage)
             ... on level 2 of the Dungeon.
             The game lasted 00:01:47 (1562 turns).

Borgoz the Slasher (Gargoyle Gladiator)             Turns: 1562, Time: 00:01:47

Health: -1/40      AC:  7    Str: 21 (22) XL:     4   Next: 40%
Magic:  4/4        EV: 12    Int: 12 (14) God:
Gold:   12         SH:  0    Dex: 10 (12) Spells: 3/3 levels left

rFire    . . .     SeeInvis .   a - +0 long sword
rCold    . . .     Gourm    .   (no shield)
rNeg     + . .     Faith    .   b - +0 leather armour
rPois    ∞         Spirit   .   c - +0 helmet
rElec    +         Reflect  .   (no cloak)
rCorr    .         Harm     .   (no gloves)
MR       .....                  (no boots)
Stlth    ..........             (no amulet)
HPRegen  0.13/turn              (no ring)
MPRegen  0.09/turn              (no ring)

@: brilliant, berserking, flying, very quick
A: negative energy resistance 1, electricity resistance, unbreathing,
petrification resistance, rot immunity, AC +3
a: no special abilities


You were on level 2 of the Dungeon.
You were not hungry.

You visited 1 branch of the dungeon, and saw 2 of its levels.

You collected 12 gold pieces.

Inventory:

Hand Weapons
 a - a +0 long sword (weapon)
Missiles
 d - 2 throwing nets (quivered)
Armour
 b - a +0 leather armour (worn)
 c - a +0 helmet (worn)
Scrolls
 e - a scroll of teleportation {unknown}
 j - a scroll of amnesia {unknown}
Potions
 h - a potion of lignification {unknown}
 i - a potion of degeneration
 m - a potion of mutation {unknown}
Comestibles
 f - a ration
 k - 5 chunks of flesh


   Skills:
 + Level 2.9 Fighting
 * Level 3.5 Long Blades
 - Level 1.7 Throwing
 + Level 1.6 Armour
 + Level 2.8 Dodging


You had 3 spell levels left.
You didn't know any spells.
Your spell library was empty.

Dungeon Overview and Level Annotations

Branches:
Dungeon (2/15)

Altars:
The Shining One


Innate Abilities, Weirdness & Mutations

You are resistant to torment.
Your stone body is resilient. (AC +3)
You are immune to poison.
You resist negative energy. (rN+)
You are resistant to electric shocks. (rElec)
You can survive without breathing.
You are immune to petrification.
You are immune to rotting.


Message History

The gnoll barely misses you.
You riposte.
You slash the gnoll!
The gnoll is heavily wounded.
The gnoll hits you from afar with a +0 spear.
* * * LOW HITPOINT WARNING * * *
It was a potion of flight.
You feel very buoyant.
You fly up into the air.
The gnoll closely misses you. The gnoll hits you with a +0 whip.
* * * LOW HITPOINT WARNING * * *
It was a potion of brilliance.
You feel clever all of a sudden. The gnoll hits you but does no damage.
The gnoll closely misses you.
It was a potion of berserk rage.
A red film seems to cover your vision as you go berserk!
You feel yourself moving faster!
You feel mighty! The gnoll closely misses you. The gnoll barely misses you.
You slash the gnoll!
You kill the gnoll!
The gnoll hits you from afar with a +0 spear.
You die...

....# ..........
..#########
#.#...#.#
..........#
#.#..!..
....#####.#
#.#...# )##.#
#.###.##.# .##.#
#......#g# .##.#
#####..#g# .##.#
#..#)#
.##.#########..#@#
.##.#....).....#.#
.##.#.########.#.#
.##.#.# #.#.#
.##.#.### #.#.#
#.....# ##.#.#
#.....#####....#
#..............#
#.....#####(..##


You could see 2 gnolls.

Vanquished Creatures
  An adder (D:2)
  2 gnolls
  An ooze (D:1)
  2 worms (D:2)
  A dart slug (D:1)
  2 leopard geckos
  8 bats (D:1)
  A giant cockroach (D:2)
  8 goblins
  5 hobgoblins
  2 kobolds (D:1)
  2 frilled lizards (D:1)
  4 rats
39 creatures vanquished.

Notes
Turn   | Place    | Note
-------+----------+-------------------------------------------
     0 | D:1      | Borgoz the Gargoyle Gladiator began the quest for the Orb.
     0 | D:1      | Reached XP level 1. HP: 12/12 MP: 1/1
    42 | D:1      | Reached skill level 3 in Long Blades
    42 | D:1      | Reached XP level 2. HP: 16/18 MP: 2/2
   429 | D:1      | Reached skill level 1 in Armour
   475 | D:1      | Reached XP level 3. HP: 22/22 MP: 3/3
   892 | D:1      | Found a glowing golden altar of the Shining One.
  1461 | D:2      | Reached XP level 4. HP: 27/27 MP: 4/4
  1559 | D:2      | HP: 1/27 [gnoll/+0 whip (4)]
  1562 | D:2      | Slain by a gnoll

Levels and vault maps discovered:
D:1:      roderic_chinese_lattice_arrival, layout_basic, tso_altar
D:2:      layout_loops_ring

Skill      XL: |  1  2 |
---------------+-------+-----
Long Blades    | 3 |  3.5
Armour         | 1 |  1.6
Fighting       | |  2.9
Throwing       | |  1.7
Dodging        | |  2.8

Action                   |  1- 3 |  4- 6 || total
-------------------------+-------+-------++-------
Melee: Long sword        |    76 |    22 ||    98
Throw: Throwing net      |     1 |       ||     1
  Use: Potion            |       |     4 ||     4
 Stab: Held in net/web   |     1 |       ||     1
  Eat: Chunk             |     2 |       ||     2
Armor: Leather armour    |    35 |     9 ||    44
Dodge: Dodged            |    57 |    17 ||    74
       Rpst.: Long sword |    20 |     6 ||    26

Table legend:
 A = Non-vault XP
 B = Vault XP
 C = Vault XP percentage of total XP
 D = Non-vault monster count
 E = Vault monster count
 F = Vault count percentage of total count
                 A         B        C        D         E       F
            +---------+---------+-------+---------+---------+-------
      Total |     116 |       0 |   0.0 |      39 |       0 |   0.0
            +---------+---------+-------+---------+---------+-------
        D:1 |      65 |       0 |   0.0 |      29 |       0 |   0.0
        D:2 |      51 |       0 |   0.0 |      10 |       0 |   0.0
            +---------+---------+-------+---------+---------+-------
